 Dungeon Crawl Stone Soup version 0.25-a0-597-gb30770a0c0 (webtiles) character file.

Game seed: 5545855851770568941, levelgen mode: deterministic

611784 Laze the Slayer (level 26, -2/223 HPs)
             Began as a Demonspawn Abyssal Knight on Mar 14, 2020.
             Was a High Priest of Lugonu.
             Killed from afar by an ancient lich (35 damage)
             ... with a bolt of acid
             ... on level 5 of the Realm of Zot on Mar 15, 2020.
             The game lasted 06:39:10 (67875 turns).

Laze the Slayer (Demonspawn Abyssal Knight)        Turns: 67875, Time: 06:39:10

Health: -2/223     AC: 33    Str: 29    XL:     26   Next: 78%
Magic:  43/44      EV: 25    Int: 19    God:    Lugonu [*****.]
Gold:   2117       SH:  6    Dex: 18    Spells: 31/59 levels left

rFire    + + +     SeeInvis +   A - +3 double sword of Responsibility {freeze, rC+ MR+}
rCold    + + +     Gourm    .   (no shield)
rNeg     + + .     Faith    .   g - +3 ring mail "Uwkylle" {rF+ rN+ Str+9 Int+4}
rPois    +         Spirit   .   J - +2 helmet {SInv}
rElec    +         Reflect  +   x - +1 cloak of Starlight {rElec rC+ EV+4 Stlth--}
rCorr    .         Harm     .   f - +3 pair of gauntlets of War {Slay+5}
MR       ++...     Clarity  +   (boots unavailable)
Stlth    ..........             I - +6 amulet of reflection
HPRegen  0.47/turn              W - ring of Robustness {AC+8}
MPRegen  0.29/turn              X - ring of Secwyamm {rPois rF++ rC+}

@: no status effects
A: claws 1, talons 3, thin metallic scales 3, clarity, negative energy
resistance 1, powered by pain 3, spiny 2, 50% torment resistance, strong 1, no
potion heal 2, black mark
}: 3/15 runes: serpentine, barnacled, silver
a: Depart the Abyss, Bend Space, Banish, Corrupt, Enter the Abyss, Renounce
Religion


You were on level 5 of the Realm of Zot.
You worshipped Lugonu.
Lugonu was extremely pleased with you.
You were hungry.

You visited 9 branches of the dungeon, and saw 49 of its levels.
You visited the Abyss 4 times.
You also visited: Ossuary and Wizlab.

You collected 7048 gold pieces.
You spent 4931 gold pieces at shops.

Inventory:

Hand Weapons
 e - the +11 rapier of Geitri {flame, +Blink MR- Int+3 Dex+5}
   (You found it on level 2 of the Lair of Beasts)

   It has been specially enchanted to burn those struck by it, causing extra
   injury to most foes and up to half again as much damage against particularly
   susceptible opponents.
   It affects your intelligence (+3).
   It affects your dexterity (+5).
   It affects your resistance to hostile enchantments.
   It lets you blink.
 A - the +3 double sword of Responsibility (weapon) {freeze, rC+ MR+}
   (You acquired it on level 4 of the Dungeon)

   It has been specially enchanted to freeze those struck by it, causing extra
   injury to most foes and up to half again as much damage against particularly
   susceptible opponents.
   It can also slow down cold-blooded creatures.
   It protects you from cold.
   It affects your resistance to hostile enchantments.
Missiles
 a - 12 curare-tipped darts
 r - 48 boomerangs (quivered)
 D - 25 atropa-tipped darts
 F - 16 silver javelins
 M - 31 javelins
 V - 8 datura-tipped darts
Armour
 f - the +3 pair of gauntlets of War (worn) {Slay+5}
   (You bought it in a shop on level 2 of the Vaults)

   It affects your accuracy and damage with ranged weapons and melee attacks
   (+5).
 g - the +3 ring mail "Uwkylle" (worn) {rF+ rN+ Str+9 Int+4}
   (You found it on level 3 of the Elven Halls)

   It affects your strength (+9).
   It affects your intelligence (+4).
   It protects you from fire.
   It protects you from negative energy.
 x - the +1 cloak of Starlight (worn) {rElec rC+ EV+4 Stlth--}
   (You found it on level 11 of the Dungeon)

   It affects your evasion (+4).
   It protects you from cold.
   It insulates you from electricity.
   It makes you much less stealthy.
 J - a +2 helmet of see invisible (worn)
 T - the +18 shield of the Gong {rElec rN+ MR+ EV-5}
   (You found it on level 2 of the Lair of Beasts)

   It affects your evasion (-5).
   It insulates you from electricity.
   It protects you from negative energy.
   It affects your resistance to hostile enchantments.
Jewellery
 o - an uncursed amulet of the acrobat
 p - the ring of Fixation {Str+3 Dex+4}
   (You acquired it on level 2 of the Abyss)

   [ring of strength]

   It affects your strength (+3).
   It affects your dexterity (+4).
 I - a +6 amulet of reflection (around neck)
 W - the ring of Robustness (left hand) {AC+8}
   (You took it off an ironheart preserver on level 5 of the Vaults)

   [ring of protection]

   It affects your AC (+8).
 X - the ring of Secwyamm (right hand) {rPois rF++ rC+}
   (You bought it in a shop on level 1 of the Depths)

   [ring of poison resistance]

   It greatly protects you from fire.
   It protects you from cold.
   It protects you from poison.
Wands
 j - a wand of clouds (10)
 n - a wand of acid (14)
 B - a wand of polymorph (35)
 E - a wand of flame (59)
 L - a wand of digging (11)
 R - a wand of disintegration (37)
 U - a wand of paralysis (24)
 Y - a wand of iceblast (34)
 Z - a wand of enslavement (18)
Scrolls
 b - 15 scrolls of magic mapping
 d - 21 scrolls of remove curse
 i - 18 scrolls of identify
 m - 5 scrolls of fog
 G - 6 scrolls of fear
 H - 16 scrolls of teleportation
 K - 3 scrolls of blinking
 N - 4 scrolls of enchant armour
 P - 12 scrolls of enchant weapon
Potions
 h - 13 potions of curing
 k - 5 potions of flight
 l - 6 potions of haste
 v - 2 potions of berserk rage
 z - a potion of mutation
 C - 5 potions of might
 O - 3 potions of heal wounds
Miscellaneous
 q - a box of beasts
 s - a fan of gales
 t - a lamp of fire
 u - a phial of floods
 w - 2 phantom mirrors
 y - a lightning rod (4/4)
 Q - a lamp of fire
 S - 4 sacks of spiders
Comestibles
 c - 58 rations


   Skills:
 * Level 21.6 Fighting
 + Level 17.7 Long Blades
 + Level 13.0 Throwing
 + Level 12.8 Armour
 * Level 12.5 Dodging
 - Level 15.0 Shields
 - Level 17.2 Spellcasting
 + Level 9.3 Charms
 * Level 15.4 Summonings
 + Level 4.0 Translocations
 + Level 7.7 Ice Magic
 * Level 16.7 Invocations
 * Level 4.5 Evocations


You had 31 spell levels left.
You knew the following spells:

 Your Spells              Type           Power        Failure   Level  Hunger
a - Summon Ice Beast      Ice/Summ       ######..     1%          4    None
b - Frozen Ramparts       Ice            #####.       1%          3    None
c - Song of Slaying       Chrm           ######..     1%          2    None
d - Shroud of Golubria    Chrm/Tloc      #####.       1%          2    None
e - Summon Demon          Summ           ######....   1%          5    ###....
f - Aura of Abjuration    Summ           ######....   1%          5    ###....
g - Summon Hydra          Summ           ######....   7%          7    ######.

Your spell library contained the following spells:

 Spells                   Type           Power        Failure   Level  Hunger
 Summon Butterflies       Summ           ######..     0%          1    None
 Freeze                   Ice            ####         1%          1    None
 Infusion                 Chrm           ####         1%          1    None
 Blink                    Tloc           N/A          1%          2    None
 Call Canine Familiar     Summ           ######..     1%          3    None
 Ozocubu's Armour         Chrm/Ice       #####...     1%          3    None
 Recall                   Summ/Tloc      N/A          1%          3    None
 Spectral Weapon          Hex/Chrm       ####....     1%          3    None
 Shadow Creatures         Summ           N/A          1%          6    #####..
 Gell's Gravitas          Tloc           ####......   2%          3    None
 Lesser Beckoning         Tloc           ####......   2%          3    None
 Teleport Other           Tloc           ####....     2%          3    None
 Summon Forest            Summ/Tloc      ######....   2%          5    ###....
 Animate Skeleton         Necr           N/A          4%          1    None
 Beastly Appendage        Tmut           ###...       4%          1    None
 Corona                   Hex            ###....      4%          1    None
 Foxfire                  Conj/Fire      ###.         4%          1    None
 Pain                     Necr           ###.         4%          1    None
 Sandblast                Erth           ###...       4%          1    None
 Shock                    Conj/Air       ###.         4%          1    None
 Summon Mana Viper        Hex/Summ       #####...     5%          5    ###....
 Portal Projectile        Hex/Tloc       ###...       6%          3    None
 Corpse Rot               Necr/Air       N/A          7%          2    None
 Passwall                 Tmut/Erth      ###.....     7%          2    None
 Slow                     Hex            ###.....     7%          2    None
 Sticks to Snakes         Tmut           ###.....     7%          2    None
 Sublimation of Blood     Necr           ###.......   7%          2    None
 Passage of Golubria      Tloc           N/A          9%          4    None
 Hailstorm                Conj/Ice       ####....     10%         4    None
 Ice Form                 Ice/Tmut       ####....     10%         4    None
 Confusing Touch          Hex            ###.....     14%         3    None
 Conjure Flame            Conj/Fire      ###.....     14%         3    None
 Inner Flame              Hex/Fire       ###.....     14%         3    None
 Spider Form              Tmut/Pois      ###.......   14%         3    None
 Stone Arrow              Conj/Erth      ###...       14%         3    None
 Vampiric Draining        Necr           ###.......   14%         3    None
 Excruciating Wounds      Chrm/Necr      ####......   19%         5    ###....
 Iskenderun's Battlesphe  Conj/Chrm      ####....     19%         5    ###....
 Iskenderun's Mystic Bla  Conj/Tloc      ###.....     21%         4    None
 Metabolic Englaciation   Hex/Ice        ####......   26%         5    ###....
 Animate Dead             Necr           N/A          43%         4    None
 Cause Fear               Hex            ###.......   43%         4    None
 Dispel Undead            Necr           ###.....     43%         4    None
 Fulminant Prism          Conj/Hex       ###.......   43%         4    None
 Leda's Liquefaction      Hex/Erth       ###.......   43%         4    None
 Petrify                  Tmut/Erth      ###.....     43%         4    None
 Sticky Flame             Conj/Fire      ###.....     43%         4    None
 Agony                    Necr           ###.....     78%         5    ###....
 Blade Hands              Tmut           ###.......   78%         5    ###....
 Bolt of Magma            Conj/Fire/Erth ###.......   78%         5    ###....
 Borgnjor's Vile Clutch   Necr/Erth      ###.......   78%         5    ###....
 Fireball                 Conj/Fire      ###.......   78%         5    ###....
 Lee's Rapid Deconstruct  Erth           ###.......   78%         5    ###....
 Lightning Bolt           Conj/Air       ###.......   78%         5    ###....
 Silence                  Hex/Air        ###.......   78%         5    ###....
 Yara's Violent Unravell  Hex/Tmut       ###.......   78%         5    ###....
 Dispersal                Tloc           ####......   80%         6    #####..
 Spellforged Servitor     Conj/Summ      #####.....   86%         7    ######.
 Freezing Cloud           Conj/Ice/Air   ####......   94%         6    #####..
 Invisibility             Hex            ###.....     100%        6    #####..
 Iron Shot                Conj/Erth      ###.......   100%        6    #####..
 Dragon Form              Tmut           ###.......   100%        7    ######.
 Orb of Destruction       Conj           ###.......   100%        7    ######.
 Controlled Blink         Tloc           N/A          100%        8    #######
 Disjunction              Tloc           ####......   100%        8    #######
 Dragon's Call            Summ           ######....   100%        9    #######


Dungeon Overview and Level Annotations

Branches:
Dungeon (15/15)            Temple (0/1) D:5            Lair (6/6) D:9
 Shoals (4/4) Lair:3        Snake (4/4) Lair:4        Slime (0/5) Lair:5
    Orc (2/2) D:11            Elf (3/3) Orc:2        Vaults (5/5) D:13
  Crypt (0/3) Vaults:2     Depths (5/5) D:15            Zot (5/5) Depths:5
Ossuary (visited)          WizLab (visited)

Altars:
Ashenzari
Cheibriados
Elyvilon
Fedhas
Kikubaaqudgha
Qazlal
Sif Muna
Trog
Vehumet
Xom
Zin
The Shining One
Beogh
Jiyva
Lugonu

Shops:
D:4 =   D:9 (   Orc:2 *[:(   Elf:3 :(   Snake:1 }==*   Vaults:1 :
Vaults:2 =!=[%   Vaults:3 ?   Depths:1 =(**

Portals:
Hell: Depths:1 Depths:2 Depths:3 Depths:4 Depths:5
Abyss: D:10 Depths:1 Depths:2 Depths:4
Pandemonium: Depths:2 Depths:3
Ziggurat: Depths:4
Bazaar: Orc:2

Annotations:
D:10 2 transporters, paps's ghost, novice DsFi
D:14 corrupted
D:15 corrupted
Lair:2 corrupted
Lair:6 corrupted
Shoals:1 corrupted
Shoals:2 corrupted
Shoals:3 corrupted
Shoals:4 corrupted
Snake:3 corrupted
Orc:2 corrupted
Elf:2 corrupted
Elf:3 corrupted
Vaults:2 corrupted
Vaults:3 corrupted
Vaults:5 corrupted
Depths:2 corrupted
Depths:5 corrupted
Zot:1 , corrupted
Zot:5 corrupted


Innate Abilities, Weirdness & Mutations

You have claws for feet.
You are completely covered in thin metallic scales. (AC +4, rElec)
You resist negative energy. (rN+)
You are powered by pain.
You are mostly covered in sharp spines.
You are somewhat able to resist unholy torments (1 in 2 success).
Your melee attacks may debilitate your foes.
You have sharp fingernails.
You possess an exceptional clarity of mind.
Your muscles are strong. (Str +2)
Potions are poor at restoring your health.


Message History

The smoke demon gestures at you. Something smites you!
* * * LOW HITPOINT WARNING * * *
A chorus of shrieks assaults your mind.
* * * LOW HITPOINT WARNING * * *
The starcursed mass is engulfed in a cloud of scalding steam.
The smoke demon gestures at you. The ball of steam misses you.
A chorus of shrieks assaults your mind.
* * * LOW HITPOINT WARNING * * *
A starcursed mass splits.
A chorus of shrieks assaults your mind.
* * * LOW HITPOINT WARNING * * *
You pass through the gate.
Welcome back to the Realm of Zot!
Level annotation: corrupted Lugonu is no longer ready to corrupt your weapon.
The ancient lich points at you and mumbles some strange words.
The bolt of acid hits you!!
You die...

# #▓▓▓▓▓▓▓ .##
##.##pp...LD ...# #####
#s#XX...#.XL
#...####.##L##Xp.dX##
DX #....L.L*X8§#.#.## .
##^...*.XWX.D..##
#......##..X.X#
##.#...#*.#S.X#
▓.....@..#N..#▓
##.....#.....##
#.............#
#........X....##
#...^...........#
########.########▓▓▓
##..(....##....#...#
##....#..⌠.#....#...##
##....###...##........#


You could see 3 orbs of fire, a Killer Klown, a shadow dragon, 2 ancient liches
and 2 Orb Guardians.

Vanquished Creatures
  A juggernaut (Depths:5)
  2 ancient liches
  Sojobo (Depths:5)
  Boris (Vaults:5)
  Xtahua (Vaults:5)
  A shard shrike (Zot:3)
  A curse toe (Zot:4)
  12 caustic shrikes
  11 golden dragons
  Jory (Vaults:3)
  the Enchantress (Depths:1)
  A bone dragon (Abyss:2)
  4 liches
  A hellephant (Zot:3)
  Rupert (D:15)
  Jorgrun (D:12)
  8 Orb Guardians (Zot:5)
  15 tentacled monstrosities
  Asterion (Elf:1)
  4 quicksilver dragons
  4 titans
  3 deep elf blademasters (Elf:3)
  A kraken (Shoals:1)
  Gastronok (D:9)
  The ghost of Gargoyl the Severer, an adept CeAK of Lugonu (Snake:4)
  A tentacled starspawn (Abyss:2)
  2 sphinxes
  4 death cobs
  Agnes (Snake:3)
  15 storm dragons
  Kirke (Snake:4)
  13 shadow dragons
  7 tengu reavers
  Ilsuiw (Shoals:3)
  Donald (Shoals:1)
  7 draconian monks
  4 draconian knights
  12 nagarajas
  A ghost moth (Zot:3)
  6 draconian scorchers
  Louise (D:15)
  8 frost giants
  7 fire giants
  5 deep elf sorcerers
  A caustic shrike zombie (Depths:2)
  3 iron dragons
  16 vault wardens
  3 deep elf elementalists
  The ghost of Toukk the Contaminator, a journeyman OpVM of Ru (D:14)
  2 angels (Elf:1)
  A draconian annihilator (Depths:4)
  A draconian shifter (Zot:3)
  16 ironheart preservers
  27 stone giants
  37 very ugly things
  5 spriggan defenders
  A war gargoyle (Vaults:5)
  4 vampire knights
  3 deep elf demonologists
  8 red draconians
  6 green draconians
  6 deep elf annihilators
  4 black draconians
  4 yellow draconians
  19 purple draconians
  A lorocyproca (Depths:2)
  9 white draconians
  Azrael (D:15)
  9 spark wasps
  Snorg (D:12)
  6 deep elf death magi
  9 statues (WizLab)
  12 ettins
  A blizzard demon (Abyss:1)
  A merfolk javelineer (Shoals:3)
  2 merfolk impalers (Shoals:4)
  7 fire dragons
  3 deep elf high priests
  11 ogre magi
  11 yaktaur captains
  2 jiangshi (Depths:2)
  3 hydras
  4 rakshasas
  A quicksilver dragon skeleton (Depths:2)
  16 naga warriors
  Erolcha (D:11)
  10 ice dragons
  A shambling mangrove (Lair:5)
  2 spriggan air magi
  4 great orbs of eyes
  28 vault guards
  Erica (D:11)
  27 two-headed ogres
  A catoblepas (D:14)
  9 tengu warriors
  2 death knights
  11 anacondas
  10 centaur warriors
  21 dancing weapons
  2 thrashing horrors (Abyss:2)
  A vampire mage (Depths:2)
  12 deep troll shamans
  2 merfolk aquamancers (Shoals:3)
  6 spriggan berserkers
  10 hell knights
  11 deep troll earth magi
  3 orc high priests (Orc:2)
  15 naga sharpshooters
  10 shock serpents
  2 wretched stars (Abyss:2)
  22 deep elf knights
  A soul eater (Depths:2)
  3 salamander mystics (Snake:2)
  A fire crab (shapeshifter) (Vaults:5)
  A sixfirhy (Depths:1)
  A shadow wraith (Vaults:2)
  37 deep trolls
  A death drake (Depths:4)
  8 iron trolls
  3 sea snakes
  A glowing orange brain (Depths:1)
  8 naga ritualists
  4 unseen horrors
  A gelid demonspawn (Depths:2)
  11 deep elf archers
  2 flayed ghosts
  6 phantasmal warriors
  18 ironbrand convokers
  5 wizards
  30 harpies
  13 orc knights
  8 necromancers
  3 lindwurms (Depths:4)
  Pikel (D:7)
  86 deep elf magi
  2 wolf spiders
  An orb spider (shapeshifter) (Vaults:3)
  6 large abominations
  5 mana vipers
  10 orc sorcerers
  2 oklob plants (Depths:4)
  3 manticores
  4 cyclopes
  10 salamanders
  A stone giant zombie (Abyss:2)
  A faun (Shoals:4)
  A salamander (shapeshifter) (Vaults:3)
  31 ugly things
  27 moths of wrath
  An apocalypse crab (Abyss:1)
  Maurice (D:11)
  9 elephants
  Joseph (D:8)
  4 smoke demons
  37 black mambas
  17 guardian serpents
  15 naga magi
  11 vault sentinels
  A molten gargoyle (Lair:5)
  A water nymph (Shoals:3)
  A merfolk siren (Shoals:1)
  An eye of devastation (shapeshifter) (Elf:2)
  4 gargoyles
  13 spiny frogs
  Maggie (D:9)
  4 rime drakes
  5 freezing wraiths
  2 human zombies (Vaults:3)
  8 komodo dragons
  24 yaktaurs
  A yaktaur zombie (Depths:1)
  6 kobold demonologists
  6 starcursed masses
  A jumping spider (shapeshifter) (Vaults:3)
  2 efreet
  A yaktaur skeleton (Depths:1)
  A harpy zombie (D:13)
  2 tengu conjurers (Depths:4)
  6 merfolk
  13 trolls
  2 polar bears (Lair:5)
  A blink frog (shapeshifter) (Vaults:3)
  3 tyrant leeches (Lair:6)
  Grinder (D:3)
  13 hornets
  10 blink frogs
  A dream sheep (Shoals:1)
  A hippogriff (shapeshifter) (Vaults:3)
  4 raiju (Abyss:1)
  2 spriggan zombies
  A wind drake (Shoals:4)
  12 slime creatures
  A dream sheep (shapeshifter) (Depths:5)
  10 hippogriffs
  A wandering mushroom (Lair:5)
  A frost giant simulacrum (Vaults:3)
  4 snapping turtles
  7 flying skulls
  3 air elementals
  A shadow (D:15)
  5 water elementals
  5 wyverns
  45 yaks
  8 spriggans
  10 wraiths
  2 fire elementals
  A steam dragon (shapeshifter) (Vaults:3)
  4 fire bats (Lair:5)
  3 basilisks
  An elf zombie (Depths:2)
  4 hogs (Snake:4)
  3 hungry ghosts
  2 neqoxecs
  A golden eye (shapeshifter) (Depths:4)
  2 steam dragons
  6 vampire mosquitoes
  Menkaure (D:7)
  3 chaos spawn
  4 wargs
  41 nagas
  2 insubstantial wisps (D:8)
  5 acid dragons
  A hell hound (D:15)
  3 soldier ants
  8 water moccasins
  2 hydra simulacra (Zot:3)
  A floating eye (shapeshifter) (Vaults:4)
  A floating eye (Depths:3)
  10 small abominations
  8 porcupines
  An ice beast (shapeshifter) (Vaults:4)
  An eye of draining (D:13)
  7 ice beasts
  A slave (D:7)
  7 sky beasts
  4 swamp drakes (Depths:4)
  An ogre (shapeshifter) (Vaults:1)
  29 orc warriors
  4 necrophages
  33 ogres
  5 boggarts
  15 wolves
  3 phantoms
  11 centaurs
  An elf skeleton (Vaults:3)
  12 crocodiles
  3 big kobolds
  29 bullfrogs
  A wyvern zombie (D:11)
  A gnoll sergeant (D:8)
  3 earth elementals
  8 scorpions
  8 killer bees
  16 wights
  12 electric eels
  2 howler monkeys
  7 crimson imps
  A human simulacrum (Vaults:1)
  A quasit (D:8)
  27 orc priests
  5 centaur skeletons
  6 centaur zombies
  10 hounds
  8 jellies
  30 orc wizards
  Crazy Yiuf (D:3)
  2 iron imps
  Jessica (D:2)
  4 iguanas
  An iguana (shapeshifter) (Vaults:5)
  Natasha (D:3)
  14 worker ants
  A naga zombie (Abyss:1)
  2 hound zombies
  Robin (D:2)
  8 gnolls
  3 howler monkey skeletons
  18 adders
  9 shadow imps
  A white imp (Abyss:2)
  2 ufetubi
  3 adder zombies
  A dart slug (D:2)
  5 leopard geckos
  93 orcs
  10 bats
  5 giant cockroaches
  11 hobgoblins
  23 jackals
  5 quokkas
  6 ball pythons
  A ball python skeleton (Ossuary)
  7 frilled lizards
  16 goblins
  A hobgoblin skeleton (Ossuary)
  A hobgoblin zombie (Ossuary)
  A jackal skeleton (D:5)
  20 kobolds
  A leopard gecko skeleton (D:6)
  A leopard gecko zombie (D:8)
  2 orc skeletons (Ossuary)
  3 orc zombies (Ossuary)
  2 quokka skeletons
  9 rats
  2 plants (Depths:4)
  A starspawn tentacle (Elf:2)
  3 tentacles (Shoals:1)
2121 creatures vanquished.

Vanquished Creatures (collateral kills)
  A tentacled monstrosity (Zot:3)
  A titan (Depths:3)
  A draconian scorcher (Zot:3)
  A red draconian (Depths:5)
  An ettin (Depths:2)
  A deep elf death mage (Elf:3)
  A deep elf high priest (Elf:3)
  An ice dragon (Depths:3)
  A deep elf knight (Depths:2)
  A deep troll (Depths:3)
  A hell knight (Depths:5)
  A yaktaur (Depths:3)
  2 hornets (Depths:5)
  A spriggan (Depths:5)
  A black bear (shapeshifter) (Depths:3)
16 creatures vanquished.

Vanquished Creatures (others)
  Mennas (Vaults:2)
  The ghost of kuniqs the Evocator, a master DDFi of Makhleb (Zot:1)
  Saint Roka (Orc:2)
  Vashnia (Snake:3)
  2 caustic shrikes (Depths:5)
  A tentacled monstrosity (Depths:5)
  A deep elf blademaster (Elf:3)
  2 deep elf master archers (Elf:3)
  A kraken (Shoals:3)
  3 nagarajas
  A storm dragon (Depths:5)
  A draconian monk (Zot:1)
  A frost giant (Depths:5)
  Aizul (Snake:3)
  A draconian knight (Depths:5)
  2 deep elf sorcerers (Elf:3)
  A vault warden (Vaults:2)
  An orc warlord (Orc:2)
  An ironheart preserver (Vaults:2)
  2 deep elf elementalists (Elf:3)
  Nessos (D:12)
  10 stone giants
  2 purple draconians (Zot:1)
  2 deep elf demonologists (Elf:3)
  A deep elf annihilator (Elf:3)
  A red draconian (Zot:1)
  2 white draconians
  4 deep elf death magi (Elf:3)
  6 merfolk impalers
  3 merfolk javelineers
  2 spark wasps
  A deep elf high priest (Elf:3)
  2 fire dragons
  2 yaktaur captains
  2 vault guards
  An ice dragon (Depths:2)
  4 centaur warriors
  4 hydras
  3 naga warriors
  An anaconda (shapeshifter) (Depths:5)
  3 merfolk avatars
  5 merfolk aquamancers (Shoals:4)
  8 dancing weapons (Elf:2)
  4 satyrs
  12 two-headed ogres
  3 deep troll shamans (Depths:2)
  3 ogre magi
  A deep troll earth mage (Depths:2)
  A tengu warrior (Depths:2)
  2 shock serpents (Snake:3)
  A spriggan berserker (Depths:5)
  6 deep elf knights
  7 naga sharpshooters
  4 salamander mystics (Snake:3)
  4 sea snakes
  An unseen horror (Vaults:1)
  2 deep trolls (Depths:2)
  6 deep elf archers
  10 harpies
  4 naga ritualists (Snake:3)
  2 ironbrand convokers
  13 deep elf magi
  19 fauns
  4 orc knights
  An orc sorcerer (Orc:2)
  7 ugly things
  2 mana vipers (Snake:3)
  5 cyclopes
  9 manticores
  2 moths of wrath
  4 water nymphs
  10 merfolk sirens
  2 centaur zombies (D:15)
  3 naga magi (Snake:3)
  11 black mambas
  2 gargoyles
  A vault sentinel (Vaults:1)
  13 spiny frogs
  3 komodo dragons
  An orange demon (Depths:2)
  A centaur skeleton (D:15)
  2 freezing wraiths
  A kobold demonologist (D:14)
  20 yaktaurs
  2 tyrant leeches (Lair:6)
  3 meliai (D:15)
  18 merfolk
  2 dream sheep (Shoals:1)
  5 slime creatures (Vaults:2)
  4 hippogriffs
  4 snapping turtles
  11 blink frogs (Lair:6)
  2 shadows
  A tarantella (shapeshifter) (Depths:4)
  9 water elementals
  A wyvern (Lair:6)
  3 fire elementals (D:15)
  A vampire (D:15)
  A hungry ghost (D:14)
  5 vampire mosquitoes (Lair:6)
  A warg (Vaults:2)
  2 hell hounds (D:15)
  4 nagas
  2 water moccasins (Lair:6)
  3 slaves (D:7)
  An eye of draining (D:14)
  15 orc warriors
  7 boggarts
  7 ogres
  7 centaurs (D:13)
  12 bullfrogs
  2 big kobolds (D:14)
  8 orc priests (Orc:2)
  8 orc wizards (Orc:2)
  A shadow imp (D:15)
  An adder zombie (D:7)
  A leopard gecko (D:7)
  16 orcs
  2 kobolds
  8 crawling corpses (Elf:3)
  21 fungi
  125 plants
  152 starspawn tentacles
  18 tentacles
  2 withered plants (Snake:4)
803 creatures vanquished.

Grand Total: 2940 creatures vanquished

Notes
Turn   | Place    | Note
-------+----------+-------------------------------------------
     0 | Abyss:1  | Laze the Demonspawn Abyssal Knight began the quest for the
                  | Orb.
     0 | Abyss:1  | Reached XP level 1. HP: 18/18 MP: 2/2
     9 | D:1      | Escaped the Abyss
   606 | D:1      | Gained mutation: You are partially covered in thin metallic
                  | scales. (AC +2) [demonic ancestry]
   606 | D:1      | Reached XP level 2. HP: 24/24 MP: 3/3
  1473 | D:2      | Reached ** piety under Lugonu
  1473 | D:2      | Gained mutation: You have sharp toenails. [demonic
                  | ancestry]
  1473 | D:2      | Reached XP level 3. HP: 13/29 MP: 4/4
  1704 | D:2      | Reached skill level 1 in Dodging
  1809 | D:2      | Noticed Jessica
  1813 | D:2      | Identified the +0 helmet "Wed Avikym" {Str+2}
  1813 | D:2      | Noticed Robin
  2300 | D:2      | Killed Jessica
  2300 | D:2      | Gained mutation: You are partially covered in sharp spines.
                  | [demonic ancestry]
  2300 | D:2      | Reached XP level 4. HP: 21/37 MP: 6/6
  2434 | D:2      | Killed Robin
  2434 | D:2      | Reached skill level 4 in Fighting
  2866 | D:3      | Reached *** piety under Lugonu
  3046 | D:3      | Gained mutation: You are mostly covered in sharp spines.
                  | [demonic ancestry]
  3046 | D:3      | Reached XP level 5. HP: 42/42 MP: 7/7
  3131 | D:3      | Noticed Grinder
  3137 | D:3      | Paralysed by Grinder for 7 turns
  3157 | D:3      | Killed Grinder
  3157 | D:3      | Gained mutation: You are mostly covered in thin metallic
                  | scales. (AC +3) [demonic ancestry]
  3157 | D:3      | Reached XP level 6. HP: 24/49 MP: 8/8
  3614 | D:3      | Noticed an ice beast
  3632 | D:3      | Killed an ice beast
  3699 | D:3      | Found a bloodstained altar of Trog.
  3769 | D:3      | Gained mutation: You sometimes gain a little power by
                  | taking damage. [demonic ancestry]
  3769 | D:3      | Reached XP level 7. HP: 26/55 MP: 10/10
  4054 | D:3      | Noticed Natasha
  4063 | D:3      | Killed Natasha
  4087 | D:3      | Reached skill level 5 in Fighting
  4204 | D:3      | Found a runed translucent door.
  4205 | D:3      | Noticed Crazy Yiuf
  4587 | D:3      | Killed Crazy Yiuf
  4841 | D:4      | Found Cagatuti's Jewellery Emporium.
  4871 | D:4      | Bought a +3 ring of dexterity for 219 gold pieces
  5001 | D:4      | Found a sand-covered staircase.
  5007 | Ossuary  | Entered an ossuary
  5063 | Ossuary  | Reached **** piety under Lugonu
  5124 | Ossuary  | Noticed a wraith
  5124 | Ossuary  | Noticed a flying skull
  5143 | Ossuary  | Noticed a wraith
  5150 | Ossuary  | Killed a wraith
  5150 | Ossuary  | Reached skill level 5 in Armour
  5150 | Ossuary  | Reached XP level 8. HP: 43/63 MP: 11/11
  5191 | Ossuary  | Noticed a flying skull
  5318 | Ossuary  | Reached skill level 5 in Invocations
  5385 | Ossuary  | Noticed a flying skull
  5389 | Ossuary  | Noticed a flying skull
  5406 | Ossuary  | Noticed a flying skull
  5484 | D:4      | Identified a scroll of acquirement
  5484 | D:4      | Identified the amulet of Iliuje {+Rage rC+ MR+ Int+3} (You
                  | acquired it on level 4 of the Dungeon)
  5484 | D:4      | Identified the +3 double sword of Responsibility {freeze,
                  | rC+ MR+} (You acquired it on level 4 of the Dungeon)
  5507 | D:4      | Reached skill level 6 in Fighting
  5678 | D:5      | Entered Level 5 of the Dungeon
  5768 | D:5      | Reached skill level 5 in Long Blades
  5862 | D:5      | Found a staircase to the Ecumenical Temple.
  6363 | D:6      | Reached XP level 9. HP: 63/70 MP: 13/13
  6492 | D:6      | Reached ***** piety under Lugonu
  6707 | D:6      | Found a shattered altar of Ashenzari.
  6848 | D:7      | Noticed Pikel
  6861 | D:7      | Killed Pikel
  6948 | D:7      | Reached skill level 7 in Fighting
  6958 | D:7      | Noticed a two-headed ogre
  7270 | D:7      | Noticed Menkaure
  7276 | D:7      | Killed Menkaure
  7569 | D:7      | Killed a two-headed ogre
  7569 | D:7      | Reached skill level 1 in Throwing
  7569 | D:7      | Reached XP level 10. HP: 59/79 MP: 15/15
  7703 | D:7      | Got an encrusted shortbow
  7704 | D:7      | Identified the +1 shortbow of Impermanence {freeze, rF+}
                  | (You found it on level 7 of the Dungeon)
  8329 | D:8      | Found a radiant altar of Vehumet.
  8336 | D:8      | Found a snail-covered altar of Cheibriados.
  8337 | D:8      | Found a glowing golden altar of the Shining One.
  8338 | D:8      | Found an ancient bone altar of Kikubaaqudgha.
  8339 | D:8      | Found a stormy altar of Qazlal.
  8636 | D:8      | Noticed Joseph
  8646 | D:8      | Killed Joseph
  8646 | D:8      | Reached skill level 8 in Fighting
  8646 | D:8      | Reached skill level 10 in Long Blades
  9572 | D:9      | Noticed Maggie
  9585 | D:9      | Killed Maggie
  9720 | D:9      | Found Wepneqof's Antique Weapon Emporium.
  9743 | D:9      | Noticed Gastronok
  9755 | D:9      | Killed Gastronok
  9755 | D:9      | Reached skill level 9 in Fighting
  9755 | D:9      | Gained mutation: You have razor-sharp toenails. [demonic
                  | ancestry]
  9755 | D:9      | Reached XP level 11. HP: 58/89 MP: 17/17
  9898 | D:9      | Paralysed by a hornet for 2 turns
 10270 | D:9      | Found a staircase to the Lair.
 10642 | D:4      | Bought an uncursed ring of poison resistance for 280 gold
                  | pieces
 10770 | Lair:1   | Entered Level 1 of the Lair of Beasts
 12115 | Lair:1   | Reached ****** piety under Lugonu
 12442 | Lair:2   | Corrupted Lair:2
 12442 | Lair:2   | Noticed a starcursed mass
 12442 | Lair:2   | Noticed a starcursed mass
 12442 | Lair:2   | Noticed a large abomination
 12442 | Lair:2   | Noticed a death knight
 12442 | Lair:2   | Noticed a large abomination
 12442 | Lair:2   | Noticed a thrashing horror
 12442 | Lair:2   | Noticed a hell hog
 12443 | Lair:2   | Noticed a sixfirhy
 12444 | Lair:2   | Noticed a thrashing horror
 12445 | Lair:2   | Noticed a sixfirhy
 12445 | Lair:2   | Noticed a bone dragon
 12445 | Lair:2   | Noticed a necromancer
 12445 | Lair:2   | Noticed a sixfirhy
 12447 | Lair:2   | Noticed a tentacled starspawn
 12449 | Lair:2   | Noticed a tentacled starspawn
 12450 | Lair:2   | Noticed a blizzard demon
 12453 | Lair:2   | Noticed a large abomination
 12456 | Lair:2   | Noticed a thrashing horror
 12480 | Lair:2   | You fall into a shaft and drop 2 floors!
 12702 | Lair:4   | Reached XP level 12. HP: 92/97 MP: 19/19
 12911 | Lair:3   | Reached skill level 10 in Invocations
 13092 | Lair:2   | Found the +18 shield of the Gong {rElec rN+ MR+ EV-5}
 13326 | Lair:2   | Noticed an eight-headed hydra
 13343 | Lair:2   | Killed an eight-headed hydra
 13618 | Lair:2   | Reached skill level 1 in Shields
 13645 | Lair:2   | Reached skill level 10 in Fighting
 14080 | Lair:3   | Found a staircase to the Shoals.
 14542 | Lair:3   | Reached skill level 1 in Evocations
 14714 | Lair:4   | Noticed a seven-headed hydra
 14853 | Lair:4   | Banished a seven-headed hydra
 15556 | Lair:4   | Found a staircase to the Snake Pit.
 15825 | Lair:5   | Noticed a five-headed hydra
 15832 | Lair:5   | Banished a five-headed hydra
 15843 | Lair:5   | Reached XP level 13. HP: 79/104 MP: 17/21
 16134 | Lair:5   | Found a staircase to the Slime Pits.
 16135 | Lair:5   | Found a viscous altar of Jiyva.
 16801 | Lair:6   | Entered Level 6 of the Lair of Beasts
 16836 | Lair:6   | Corrupted Lair:6
 16836 | Lair:6   | Noticed a tentacled starspawn
 16836 | Lair:6   | Noticed a green death
 16839 | Lair:6   | Noticed a tentacled starspawn
 16854 | Lair:6   | Noticed a starcursed mass
 16954 | Lair:6   | Found a blossoming altar of Fedhas.
 18190 | D:10     | Entered Level 10 of the Dungeon
 18203 | D:10     | Found a transporter.
 18212 | D:10     | Noticed paps's ghost (novice DsFi)
 18214 | D:10     | Identified the +7 battleaxe of Zeihi {distort, +Fly Str+2
                  | SInv Stlth+}
 18288 | D:10     | Found a transporter.
 18322 | D:10     | Found a one-way gate to the infinite horrors of the Abyss.
 18956 | D:11     | Reached skill level 11 in Fighting
 18956 | D:11     | Reached skill level 5 in Shields
 19087 | D:11     | Identified the ring "Qownoita" {*Slow rPois MR+ Slay+2}
 19136 | D:11     | Noticed Erica
 19148 | D:11     | Killed Erica
 19374 | D:11     | Reached XP level 14. HP: 21/113 MP: 22/22
 19762 | D:11     | Noticed Maurice
 19773 | D:11     | Killed Maurice
 19823 | D:11     | Noticed Erolcha
 19829 | D:11     | Killed Erolcha
 19955 | D:11     | Found a staircase to the Orcish Mines.
 20603 | D:11     | Found the +1 cloak of Starlight {rElec rC+ EV+4 Stlth--}
 20653 | Orc:1    | Entered Level 1 of the Orcish Mines
 20790 | Orc:2    | Entered Level 2 of the Orcish Mines
 20797 | Orc:2    | Found a staircase to the Elven Halls.
 21585 | Orc:1    | Found a roughly hewn altar of Beogh.
 21813 | Orc:2    | Found a gateway to a bazaar.
 21883 | Orc:2    | Reached skill level 15 in Long Blades
 21934 | Orc:2    | Corrupted Orc:2
 21934 | Orc:2    | Noticed a tentacled starspawn
 21934 | Orc:2    | Noticed a starcursed mass
 21934 | Orc:2    | Noticed a tentacled starspawn
 21935 | Orc:2    | Noticed a tentacled starspawn
 21936 | Orc:2    | Noticed an ironheart preserver
 21936 | Orc:2    | Noticed a starcursed mass
 21958 | Orc:2    | Killed an orc warlord
 22049 | Orc:2    | Killed Saint Roka
 22257 | Orc:2    | Found Namaloo's General Store.
 22258 | Orc:2    | Found Zuhiecs's Book Shoppe.
 22259 | Orc:2    | Found Lieplodgh's Antique Armour Shoppe.
 22259 | Orc:2    | Found Ojarek's Antique Weapon Emporium.
 22592 | Orc:2    | Bought a translucent scale mail for 306 gold pieces
 22686 | Orc:2    | Identified the +6 scale mail of Besue {Str+8 Int+2} (You
                  | bought it in a shop on level 2 of the Orcish Mines)
 22871 | Lair:2   | Got a transparent rapier
 22872 | Lair:2   | Identified the +11 rapier of Geitri {flame, +Blink MR-
                  | Int+3 Dex+5} (You found it on level 2 of the Lair of
                  | Beasts)
 22903 | Shoals:1 | Entered Level 1 of the Shoals
 22946 | Shoals:1 | Noticed Donald
 22957 | Shoals:1 | Killed Donald
 22966 | Shoals:1 | Reached skill level 12 in Fighting
 23000 | Shoals:1 | Corrupted Shoals:1
 23000 | Shoals:1 | Noticed a tentacled starspawn
 23000 | Shoals:1 | Noticed a tentacled starspawn
 23004 | Shoals:1 | Noticed a cyan very ugly thing
 23005 | Shoals:1 | Noticed a starcursed mass
 23008 | Shoals:1 | Noticed a tentacled starspawn
 23653 | Shoals:1 | Noticed a kraken
 23688 | Shoals:1 | Killed a kraken
 23813 | Shoals:2 | Corrupted Shoals:2
 23813 | Shoals:2 | Noticed a tentacled starspawn
 23813 | Shoals:2 | Noticed a starcursed mass
 23813 | Shoals:2 | Noticed a tentacled starspawn
 23813 | Shoals:2 | Noticed a tentacled starspawn
 23813 | Shoals:2 | Noticed a starcursed mass
 23813 | Shoals:2 | Noticed a tentacled starspawn
 23829 | Shoals:2 | Noticed a starcursed mass
 23843 | Shoals:2 | Noticed a starcursed mass
 23845 | Shoals:2 | Noticed a tentacled starspawn
 23851 | Shoals:2 | Noticed a bone dragon
 24560 | Shoals:3 | Noticed a kraken
 24574 | Shoals:3 | Corrupted Shoals:3
 24574 | Shoals:3 | Noticed a tentacled starspawn
 24574 | Shoals:3 | Noticed a tentacled starspawn
 24574 | Shoals:3 | Noticed a hellephant
 24579 | Shoals:3 | Gained mutation: You are weak. (Str -2) [a neqoxec]
 24586 | Shoals:3 | Killed a kraken
 25288 | Shoals:4 | Entered Level 4 of the Shoals
 25288 | Shoals:4 | Noticed Ilsuiw
 25535 | Shoals:3 | Killed Ilsuiw
 25535 | Shoals:3 | Gained mutation: You have claws for feet. [demonic
                  | ancestry]
 25535 | Shoals:3 | Reached XP level 15. HP: 42/121 MP: 24/24
 25541 | Shoals:3 | Learned a level 4 spell: Summon Ice Beast
 25923 | Shoals:4 | Corrupted Shoals:4
 25923 | Shoals:4 | Noticed a bone dragon
 25923 | Shoals:4 | Noticed a bone dragon
 25923 | Shoals:4 | Noticed a tentacled starspawn
 25923 | Shoals:4 | Noticed a Hell Sentinel
 25924 | Shoals:4 | Noticed a tentacled monstrosity
 25958 | Shoals:4 | Noticed a revenant
 26072 | Shoals:4 | Got a barnacled rune of Zot
 26229 | Shoals:4 | Reached skill level 1 in Summonings
 26529 | Shoals:4 | Got a wavering lapis lazuli ring
 26907 | Snake:1  | Entered Level 1 of the Snake Pit
 26956 | Snake:1  | Reached skill level 1 in Spellcasting
 27203 | Snake:1  | Noticed a nagaraja
 27223 | Snake:1  | Killed a nagaraja
 27369 | Snake:1  | Identified the ring of Qate {Ice rElec rPois} (You found it
                  | on level 4 of the Shoals)
 28032 | Snake:1  | Found Ibboif's Gadget Shoppe.
 28033 | Snake:1  | Found Ziggyl's Jewellery Shop.
 28033 | Snake:1  | Found Ysiegank's Jewellery Shop.
 28179 | Snake:1  | Found Asaeho Xuysk's General Store.
 28183 | Snake:1  | Bought a potion of curing for 45 gold pieces
 28524 | Snake:2  | Noticed a nagaraja
 28897 | Snake:2  | Killed a nagaraja
 29036 | Snake:1  | Gained mutation: You sometimes gain power by taking damage.
                  | [demonic ancestry]
 29036 | Snake:1  | Reached XP level 16. HP: 41/129 MP: 1/26
 29158 | Snake:1  | Lost mutation: You are weak. (Str -2) [potion of mutation]
 29158 | Snake:1  | Gained mutation: You occasionally shout uncontrollably at
                  | your foes. [potion of mutation]
 29158 | Snake:1  | Gained mutation: You are agile. (Dex +2) [potion of
                  | mutation]
 29158 | Snake:1  | Gained mutation: You evolve. [potion of mutation]
 29377 | Snake:2  | Learned a level 3 spell: Frozen Ramparts
 29875 | Snake:2  | Found a shimmering altar of Xom.
 30302 | Snake:3  | Noticed Aizul
 30303 | Snake:3  | Corrupted Snake:3
 30303 | Snake:3  | Noticed a tentacled starspawn
 30311 | Snake:3  | Noticed a tentacled starspawn
 30318 | Snake:3  | Noticed a tentacled starspawn
 30321 | Snake:3  | Killed Aizul
 30344 | Snake:3  | Killed Vashnia
 30727 | Snake:3  | Noticed Agnes
 30737 | Snake:3  | Killed Agnes
 30737 | Snake:3  | Reached skill level 13 in Fighting
 30737 | Snake:3  | Reached skill level 5 in Throwing
 30757 | Snake:3  | Reached skill level 5 in Summonings
 31063 | Snake:3  | Gained mutation: You have an increased reservoir of magic.
                  | (+10% MP) [evolution]
 31568 | Snake:4  | Entered Level 4 of the Snake Pit
 31634 | Snake:4  | Reached skill level 10 in Shields
 31890 | Snake:4  | Reached skill level 5 in Spellcasting
 31904 | Snake:4  | Reached skill level 1 in Ice Magic
 31949 | Snake:4  | Gained mutation: You resist negative energy. (rN+) [demonic
                  | ancestry]
 31949 | Snake:4  | Reached XP level 17. HP: 36/137 MP: 30/30
 32370 | Snake:4  | Gained mutation: Your mind is acute. (Int +2) [evolution]
 32698 | Snake:4  | Noticed Kirke
 32715 | Snake:4  | Killed Kirke
 33172 | Snake:4  | Found a runed translucent door.
 33174 | Snake:4  | Noticed Gargoyl's ghost (adept CeAK)
 33240 | Snake:4  | Killed Gargoyl's ghost
 33607 | Snake:4  | Got a serpentine rune of Zot
 33965 | Elf:1    | Entered Level 1 of the Elven Halls
 34067 | Elf:1    | Found a glowing silver altar of Zin.
 34067 | Elf:1    | Found a glowing golden altar of the Shining One.
 34068 | Elf:1    | Found a ruined gateway.
 34069 | Elf:1    | Found a white marble altar of Elyvilon.
 34274 | Elf:1    | Noticed Asterion
 34695 | Abyss:1  | Found a corrupted altar of Lugonu.
 34743 | Abyss:1  | Found a corrupted altar of Lugonu.
 34822 | Abyss:1  | Paralysed by accursed screaming for 2 turns
 34825 | Elf:1    | Escaped the Abyss
 34839 | Elf:1    | Killed Asterion
 35199 | Elf:1    | Identified the Disquisition on Battle Magic
 35371 | Elf:1    | You fall into a shaft and drop 1 floor!
 35394 | Elf:2    | Corrupted Elf:2
 35397 | Elf:2    | Noticed a quicksilver dragon
 35409 | Elf:2    | Noticed a lich
 35555 | Elf:2    | Found a runed translucent gate.
 35888 | Elf:2    | Found a runed translucent gate.
 35889 | Elf:2    | Found a runed translucent gate.
 35992 | Elf:2    | Identified the +5 dagger "Noesuj" {flame, rF+}
 36090 | Elf:2    | Reached skill level 14 in Fighting
 36090 | Elf:2    | Reached XP level 18. HP: 106/146 MP: 31/31
 37467 | D:11     | Lost mutation: You have an increased reservoir of magic.
                  | (+10% MP) [evolution]
 37497 | D:12     | Noticed Snorg
 37505 | D:12     | Killed Snorg
 37526 | D:12     | Noticed Jorgrun
 37536 | D:12     | Killed Jorgrun
 37554 | D:12     | Noticed Nessos
 37565 | D:12     | Killed Nessos
 37571 | D:12     | Reached skill level 5 in Ice Magic
 38550 | D:13     | Identified the +2 robe of Moych {*Slow +Fly Str+6 Int+4}
 38650 | D:13     | Found a gate to the Vaults.
 38669 | D:13     | Reached skill level 5 in Dodging
 39026 | D:14     | Corrupted D:14
 39505 | D:14     | Got a faintly glowing chain mail
 39516 | D:14     | Identified the +3 chain mail "Xoceph" {Regen+ Str-2 Int+4}
                  | (You found it on level 14 of the Dungeon)
 39629 | D:14     | Found a snail-covered altar of Cheibriados.
 39771 | D:14     | Found a runed translucent door.
 39772 | D:14     | Noticed Toukk's ghost (journeyman OpVM)
 39782 | D:14     | Killed Toukk's ghost
 39791 | D:14     | Got a bloodstained scimitar
 39792 | D:14     | Identified the cursed +1 scimitar of Haoxze {freeze, +Rage
                  | rElec rF+ Stlth-} (You found it on level 14 of the Dungeon)
 39997 | D:15     | Entered Level 15 of the Dungeon
 40144 | D:15     | Noticed Louise
 40164 | D:15     | Killed Louise
 40198 | D:15     | Noticed Rupert
 40212 | D:15     | Killed Rupert
 40217 | D:15     | Noticed Azrael
 40225 | D:15     | Killed Azrael
 40228 | D:15     | Corrupted D:15
 40228 | D:15     | Noticed a lich
 40228 | D:15     | Noticed a bone dragon
 40925 | D:15     | Got a wavering lapis lazuli ring
 40927 | D:15     | Identified the ring of the Illusory Deaths {rElec rC- rN+++
                  | MR+ Str-3} (You found it on level 15 of the Dungeon)
 41086 | D:15     | Found a staircase to the Depths.
 41123 | D:15     | Found a glowing silver altar of Zin.
 41317 | Vaults:1 | Entered Level 1 of the Vaults
 41371 | Vaults:1 | Reached XP level 19. HP: 145/154 MP: 30/30
 41543 | Vaults:1 | Upgraded the game from 0.25-a0-591-g2ad0d861f1 to
                  | 0.25-a0-597-gb30770a0c0
 41835 | Vaults:1 | Found Ynytoere's Book Boutique.
 41843 | Vaults:1 | Bought a book of Battle for 800 gold pieces
 41846 | Vaults:1 | Learned a level 2 spell: Song of Slaying
 41849 | Vaults:1 | Learned a level 2 spell: Shroud of Golubria
 41855 | Vaults:1 | You fall into a shaft and drop 1 floor!
 41855 | Vaults:2 | Found Tosemun's Food Boutique.
 41856 | Vaults:2 | Corrupted Vaults:2
 41871 | Vaults:2 | Found Xute Asuyry's Antique Armour Boutique.
 41878 | Vaults:2 | Noticed Mennas
 41884 | Vaults:2 | Killed Mennas
 41891 | Vaults:2 | Noticed a bone dragon
 41903 | Vaults:2 | Found Yrral's Jewellery Emporium.
 41908 | Vaults:2 | Reached skill level 15 in Fighting
 41939 | Vaults:2 | Noticed a lich
 42599 | Vaults:2 | Reached skill level 1 in Charms
 43845 | Vaults:1 | Gained mutation: Your muscles are strong. (Str +2)
                  | [evolution]
 44094 | Vaults:2 | Found a staircase to the Crypt.
 44136 | Vaults:2 | Found Siecuvey's Distillery.
 44297 | Vaults:2 | Found Fecupt's Jewellery Shop.
 44575 | Vaults:2 | Bought the +3 pair of gauntlets of War {Slay+5} for 1710
                  | gold pieces
 44575 | Vaults:2 | Found the +3 pair of gauntlets of War {Slay+5}
 44676 | Vaults:3 | Reached skill level 10 in Armour
 44779 | Vaults:3 | Found a magical portal.
 45638 | WizLab   | Reached XP level 20. HP: 163/163 MP: 33/33
 46184 | WizLab   | Identified Iskenderun's Reference Book on Confrontation
 46184 | WizLab   | Identified Iskenderun's Handbook of Conjuration
 46347 | Vaults:3 | Reached skill level 10 in Summonings
 46357 | Vaults:3 | Corrupted Vaults:3
 46907 | Vaults:3 | Noticed Jory
 46913 | Vaults:3 | Reached skill level 1 in Translocations
 46931 | Vaults:3 | Killed Jory
 47184 | Vaults:3 | Lost mutation: You occasionally shout uncontrollably at
                  | your foes. [evolution]
 47752 | Vaults:3 | Found Maebuge's Magic Scroll Emporium.
 47758 | Vaults:3 | Bought a scroll of fog for 28 gold pieces
 47758 | Vaults:3 | Bought a scroll of teleportation for 42 gold pieces
 48325 | Vaults:4 | Reached skill level 5 in Charms
 49225 | Vaults:5 | Entered Level 5 of the Vaults
 49226 | Vaults:5 | Corrupted Vaults:5
 49574 | Vaults:4 | Gained mutation: You are powered by pain. [demonic
                  | ancestry]
 49574 | Vaults:4 | Reached XP level 21. HP: 130/170 MP: 31/34
 49600 | Vaults:4 | Reached skill level 16 in Fighting
 49934 | Vaults:5 | Noticed Boris
 50029 | Vaults:5 | Identified the +5 falchion of Nexzitheet {vorpal, *Drain
                  | Dex+5}
 50120 | Vaults:5 | Reached skill level 10 in Spellcasting
 50137 | Abyss:2  | Found a corrupted altar of Lugonu.
 50195 | Abyss:2  | Identified the ring of Fixation {Str+3 Dex+4} (You acquired
                  | it on level 2 of the Abyss)
 50195 | Abyss:2  | Identified the +0 pair of gloves "Kunususs" {rElec rCorr
                  | Str+4 Dex-2} (You acquired it on level 2 of the Abyss)
 50195 | Abyss:2  | Identified the Reference Book on Flamy Evil (You acquired
                  | it on level 2 of the Abyss)
 50519 | Vaults:5 | Escaped the Abyss
 50525 | Vaults:5 | Noticed Xtahua
 50721 | Vaults:5 | Noticed a golden dragon
 50726 | Vaults:5 | Noticed a golden dragon
 50779 | Vaults:5 | Killed Xtahua
 50802 | Vaults:5 | Reached skill level 15 in Shields
 50810 | Vaults:5 | Identified the +4 glaive of Hell's Wrath {freeze, Fragile
                  | rN+++ Int+3 Dex+2}
 50836 | Vaults:5 | Killed Boris
 50851 | Vaults:5 | HP: 8/172 [vault warden/stone (19)]
 51108 | Vaults:5 | Killed a golden dragon
 51399 | Vaults:5 | Reached XP level 22. HP: 160/180 MP: 29/36
 51573 | Vaults:5 | Noticed a golden dragon
 51585 | Vaults:5 | Killed a golden dragon
 51617 | Vaults:5 | Identified the +7 great mace of Offence {vorpal, rN+ Dex+4}
 52043 | Vaults:5 | Got a silver rune of Zot
 52071 | Vaults:5 | Gained mutation: You are very agile. (Dex +4) [evolution]
 52085 | Vaults:5 | Killed a golden dragon
 52382 | Vaults:4 | Reached skill level 17 in Fighting
 53840 | Elf:3    | Entered Level 3 of the Elven Halls
 53977 | Elf:3    | Found a shimmering blue altar of Sif Muna.
 53993 | Elf:3    | Reached skill level 10 in Throwing
 54169 | Elf:3    | Found Zulik's Book Shoppe.
 54170 | Elf:3    | Found Vyas's Weapon Emporium.
 54490 | Elf:3    | Corrupted Elf:3
 54590 | Elf:3    | Identified the +4 great sword "Hileawal" {vamp, Dex+4}
 54590 | Elf:3    | Identified the ring "Jetekyi" {rElec rN+ MR++ Str-2 Slay+2}
 54592 | Elf:3    | Identified the +8 halberd of Zuoschuf {venom, Fragile rPois
                  | Int+4}
 54736 | Elf:3    | Got a transparent ring mail
 54737 | Elf:3    | Identified the cursed +1 ring mail "Zosiop" {-Tele rC+ rN+
                  | Dex+6} (You found it on level 3 of the Elven Halls)
 54750 | Elf:3    | Got a warped ring mail
 54751 | Elf:3    | Identified the +3 ring mail "Uwkylle" {rF+ rN+ Str+9 Int+4}
                  | (You found it on level 3 of the Elven Halls)
 55318 | Depths:1 | Entered Level 1 of the Depths
 55337 | Depths:1 | Noticed the Enchantress
 55365 | Depths:1 | Killed the Enchantress
 55365 | Depths:1 | Gained mutation: You are somewhat able to resist unholy
                  | torments (1 in 2 success). [demonic ancestry]
 55365 | Depths:1 | Reached XP level 23. HP: 166/188 MP: 32/39
 55450 | Depths:1 | Reached skill level 18 in Fighting
 55477 | Depths:1 | Found a gateway to Hell.
 55601 | Depths:1 | Found a corrupted altar of Lugonu.
 55693 | Depths:1 | Found Tucyfrixt's Antique Weapon Boutique.
 55693 | Depths:1 | Found Umpaussu's Jewellery Shop.
 55710 | Depths:1 | Bought the ring of Secwyamm {rPois rF++ rC+} for 721 gold
                  | pieces
 55843 | Depths:1 | Found Itsaam's Assorted Antiques.
 55878 | Depths:1 | Found Zeetiofe's General Store.
 55886 | Depths:1 | Bought a scroll of acquirement for 780 gold pieces
 55889 | Depths:1 | Found the +8 orange crystal plate armour {Archmagi, Int+3
                  | Clar}
 55896 | Depths:1 | Learned a level 5 spell: Summon Demon
 56263 | Depths:2 | Found a one-way gate leading to the halls of Pandemonium.
 56297 | Depths:2 | Corrupted Depths:2
 57165 | Depths:2 | Identified the +4 hand axe "Unyrel Idovi" {freeze, rPois
                  | MR+ Str-5}
 57170 | Depths:2 | Identified the cursed +2 long sword "Cosa" {vorpal, rPois
                  | rF- Str+7 Dex+3}
 57446 | Depths:2 | Learned a level 5 spell: Aura of Abjuration
 57676 | Depths:2 | Got a spiked chain mail
 57677 | Depths:2 | Identified the +6 chain mail "Zuwe Ima" {+Blink rC+ Int+4}
                  | (You found it on level 2 of the Depths)
 57702 | Depths:2 | Reached skill level 19 in Fighting
 57731 | Depths:2 | Lost mutation: You are very agile. (Dex +4) [evolution]
 57754 | Depths:2 | Noticed a caustic shrike
 57754 | Depths:2 | Noticed a caustic shrike
 57754 | Depths:2 | Noticed a caustic shrike
 57755 | Depths:2 | Noticed a caustic shrike
 57756 | Depths:2 | Noticed a caustic shrike
 57766 | Depths:2 | Killed a caustic shrike
 57768 | Depths:2 | Killed a caustic shrike
 57770 | Depths:2 | Killed a caustic shrike
 57775 | Depths:2 | Killed a caustic shrike
 57776 | Depths:2 | Killed a caustic shrike
 58967 | Depths:3 | Noticed a caustic shrike
 58985 | Depths:2 | Killed a caustic shrike
 58985 | Depths:2 | Gained mutation: You are completely covered in thin
                  | metallic scales. (AC +4, rElec) [demonic ancestry]
 58985 | Depths:2 | Reached XP level 24. HP: 73/202 MP: 41/41
 59094 | Depths:3 | Reached skill level 15 in Spellcasting
 59809 | Depths:3 | Got a pitted steel ring
 59810 | Depths:3 | Identified the ring "Ipepnumm" {Dex+3 Stlth+} (You found it
                  | on level 3 of the Depths)
 59942 | Depths:4 | Reached skill level 20 in Fighting
 60769 | Depths:4 | Found a gateway to a ziggurat.
 60815 | Depths:4 | Reached skill level 10 in Dodging
 61566 | Depths:4 | Identified the Handbook of Fetching Evil Rituals
 61570 | Depths:4 | Got a bloodstained long sword
 61615 | Depths:4 | Identified the +4 long sword of Xud Zour {flame, +Inv rElec
                  | Int+2} (You found it on level 4 of the Depths)
 61618 | Depths:4 | Identified the amulet "Ronnum" {Reflect rPois rC- rN+ Str+3
                  | SH+3} (You found it on level 4 of the Depths)
 61779 | Depths:5 | Entered Level 5 of the Depths
 61813 | Depths:5 | Learned a level 7 spell: Summon Hydra
 62020 | Depths:5 | Reached XP level 25. HP: 212/212 MP: 43/43
 62109 | Depths:5 | Noticed a juggernaut
 62137 | Depths:5 | Killed a juggernaut
 62376 | Depths:5 | Reached skill level 15 in Invocations
 62438 | Depths:5 | Noticed an ancient lich
 62458 | Depths:5 | Killed an ancient lich
 62461 | Depths:5 | Corrupted Depths:5
 63043 | Depths:5 | Found a gate to the Realm of Zot.
 63235 | Depths:5 | Noticed Sojobo
 63252 | Depths:5 | Killed Sojobo
 63371 | Zot:1    | Entered Level 1 of the Realm of Zot
 63432 | Zot:1    | Reached skill level 21 in Fighting
 63460 | Zot:1    | Found a transporter.
 63462 | Zot:1    | Found a transporter.
 63462 | Zot:1    | Identified the cursed +0 cloak "Waq Qid" {rPois rC+ Str+4
                  | Stlth+}
 63462 | Zot:1    | Identified the amulet "Bawoos" {RegenMP rElec rC+}
 63463 | Zot:1    | Identified the cursed +2 executioner's axe "Leoc" {freeze,
                  | rN++ MR+ Int-3 Dex+8}
 63468 | Zot:1    | Noticed kuniqs's ghost (master DDFi)
 63471 | Zot:1    | Identified the +0 cloak "Nistyck" {rElec Int+4}
 63603 | Zot:1    | Identified the +2 triple sword "Athotac" {protect, rF- rN++
                  | Int+2}
 63609 | Zot:1    | Identified the +4 scimitar "Hakupput" {vamp, rElec MR+
                  | Int+4}
 63628 | Zot:1    | Found a bloodstained altar of Trog.
 63868 | Zot:1    | Gained mutation: You possess an exceptional clarity of
                  | mind. [evolution]
 64036 | Zot:1    | Corrupted Zot:1
 64067 | Zot:1    | Killed kuniqs's ghost
 64685 | Zot:2    | Gained mutation: Your melee attacks may debilitate your
                  | foes. [demonic ancestry]
 64685 | Zot:2    | Reached XP level 26. HP: 163/222 MP: 43/43
 65737 | Zot:3    | Reached skill level 15 in Summonings
 67448 | Zot:5    | Entered Level 5 of the Realm of Zot
 67716 | Zot:5    | Noticed an ancient lich
 67716 | Zot:5    | Noticed an orb of fire
 67716 | Zot:5    | Noticed an ancient lich
 67717 | Zot:5    | Noticed an ancient lich
 67720 | Zot:5    | Noticed an orb of fire
 67730 | Zot:5    | Noticed an ancient lich
 67732 | Zot:5    | Killed an ancient lich
 67733 | Zot:5    | Noticed an orb of fire
 67740 | Zot:5    | Noticed an ancient lich
 67753 | Zot:5    | Gained mutation: Potions are less effective at restoring
                  | your health. [an orb of fire]
 67759 | Zot:5    | Noticed an ancient lich
 67760 | Zot:5    | Gained mutation: You do not regenerate when monsters are
                  | visible. [an orb of fire]
 67763 | Zot:5    | Corrupted Zot:5
 67786 | Abyss:1  | Lost mutation: You are agile. (Dex +2) [potion of mutation]
 67786 | Abyss:1  | Lost mutation: Your mind is acute. (Int +2) [potion of
                  | mutation]
 67786 | Abyss:1  | Lost mutation: You evolve. [potion of mutation]
 67786 | Abyss:1  | Gained mutation: Potions are poor at restoring your health.
                  | [potion of mutation]
 67786 | Abyss:1  | Gained mutation: You are frail. (-10% HP) [potion of
                  | mutation]
 67786 | Abyss:1  | Lost mutation: You do not regenerate when monsters are
                  | visible. [potion of mutation]
 67786 | Abyss:1  | Gained mutation: Your mind is acute. (Int +2) [potion of
                  | mutation]
 67787 | Abyss:1  | Lost mutation: You are frail. (-10% HP) [potion of
                  | mutation]
 67787 | Abyss:1  | Lost mutation: Your mind is acute. (Int +2) [potion of
                  | mutation]
 67787 | Abyss:1  | Gained mutation: You have sharp fingernails. [potion of
                  | mutation]
 67875 | Zot:5    | Escaped the Abyss
 67875 | Zot:5    | Killed from afar by an ancient lich

Levels and vault maps discovered:
D:1:      nicolae_arrival_washed_ashore, layout_basic
D:2:      layout_basic, first_ration, grunt_ministairs_5, minmay_pentomino_w4,
          uniq_jessica, uniq_robin
D:3:      minmay_octagon_keep, layout_loops_corners, roderic_lattice_a,
          minmay_statues_item, mrwooster_statue_mirror, trog_butcher_becter,
          uniq_natasha, uniq_grinder, uniq_crazy_yiuf_cottage
D:4:      layout_basic, nicolae_ossuary_entry_plus, serial_shops, shop,
          hangedman_abyss_or_decor_passed
D:5:      layout_basic, minmay_temple_entry_hall, minmay_diced_spiral
D:6:      layout_basic, cheibrodos_ashenzari_chains
D:7:      layout_loops_ring, uniq_pikel, uniq_menkaure
D:8:      layout_layer_cave, grunt_temple_overflow_open,
          hangedman_pestilent_swarm, hangedman_misty_isle, uniq_joseph
D:9:      layout_roguey, david_lair_generic, serial_shops, shop, uniq_maggie,
          uniq_gastronok
D:10:     layout_loops_ring, gammafunk_ghost_abyssal_escape,
          minmay_misc_feat_pillars
D:11:     minmay_the_grid_3x3 [minmay_the_grid_paths,
          minmay_the_grid_holed_spiral, minmay_the_grid_medium_cups,
          minmay_the_grid_minigrid_small_alt, minmay_the_grid_odd_star,
          minmay_the_grid_garden, minmay_the_grid_plusring,
          minmay_the_grid_tri_star, minmay_the_grid_prize_trominoes],
          layout_basic, david_orc_2, uniq_erica, uniq_erolcha, uniq_maurice
D:12:     layout_basic, hangedman_decor_peaks_small, uniq_nessos, uniq_jorgrun,
          uniq_snorg
D:13:     layout_roguey, lightli_vaults_fourway_checkpoint, nrook_campfire
D:14:     layout_long_grid, ebering_ghost_inner_flame, minmay_misc_feat_x,
          cheibriados_altar_1
D:15:     grunt_enter_depths_snipers, layout_basic, zin_angel, uniq_louise,
          uniq_azrael, uniq_rupert
Lair:1:   layout_regular_city, beast_lair_carwin_3, grunt_megastairs_4
Lair:2:   layout_chaotic_city, lemuel_fruit_tree
Lair:3:   layout_loops_ring, elwin_shoals_entry_rocks, minivault_27
Lair:4:   layout_concentric_octagons, minmay_snake_entry_guardpost_medium,
          grunt_megastairs_3, infiniplex_staircase_pool
Lair:5:   layout_gridlike, slime_altar_1, grunt_megastairs_2
Lair:6:   minmay_lair_end_frog_pond, layout_cave_pods, gauntlet_entry_generic,
          basic_altar, chequers_serial_rivers_marsh
Shoals:1: layout_shoals, nicolae_shoals_square_sea_wall, uniq_donald
Shoals:2: layout_shoals
Shoals:3: cheibrodos_shoals_baths, layout_shoals,
          nicolae_shoals_stone_sculpture_thing
Shoals:4: shoals_end_grunt_garden, layout_shoals, shoal_ilsuiw,
          nicolae_shoals_water_shrine
Snake:1:  layout_layer_cave, serial_shops, shop, serial_bayou_shore_b,
          minmay_shop_grove
Snake:2:  layout_misc_corridors, basic_altar, grunt_ministairs_6
Snake:3:  layout_layer_cave, drop_trap, evilmike_ambush
          [evilmike_ambush_outer_basic, evilmike_ambush_inner_basic],
          uniq_vashnia, uniq_aizul, uniq_agnes
Snake:4:  snake_hunt, layout_cave_town, gammafunk_ghost_grave,
          hangedman_snake_pattern, st_stairs_9, uniq_kirke
Orc:1:    nicolae_orc_accident_1, layout_caves, minmay_orc_temple_b
Orc:2:    st_orc_congregation, layout_diamond_mine, serial_shops,
          bzr_entry_road, nicolae_orc_damp_corner, uniq_saint_roka
Elf:1:    eino_elf_arrival_sip, layout_gridlike,
          portal_desolation_entry_holy_temple, minmay_elf_annihilation,
          uniq_asterion
Elf:2:    layout_geoelf_octagon
Elf:3:    minmay_elf_hall_circle, layout_geoelf_castle, serial_shops,
          nicolae_shop_statue_plus, nicolae_shop_temple_entry_statues_fountains,
          basic_altar, grunt_ministairs_12, st_stairs_3
Vaults:1: v_pattern_5, vaults_dpeg_doors,
          nicolae_vaults_windows_and_doors_thing, nicolae_vaults_minivaults,
          grunt_vaults_hallway_short, nicolae_vaults_shelves_hall,
          vaults_room_pool, v_misc_10, ontoclasm_vaults_chip, v_misc_15,
          layout_vaults_chaotic_city, serial_shops, nicolae_shop_stone
Vaults:2: minmay_crypt_entry_simple_corners, vaults_dpeg_diagonal, v_misc_16,
          v_pattern_4, vaults_dpeg_spiral, nicolae_vaults_little_squares_5,
          vaults_room_pools, ontoclasm_vaults_gateway, layout_vaults_omnigrid,
          serial_shops, shop, nicolae_shop_temple_entry_statues_fountains, shop,
          shop, nicolae_shop_waterfront, uniq_mennas
Vaults:3: nicolae_vaults_sealed_display, vaults_room_door_ring,
          ontoclasm_vaults_loading_screen, v_misc_14, hangedman_vaults_stagger,
          ontoclasm_vaults_bender, ontoclasm_vaults_decontamination, v_misc_30,
          v_misc_15, ontoclasm_vaults_eye, nicolae_vaults_three_branches,
          layout_vaults_ring, lightli_enter_wizlab_magi_temple, serial_shops,
          nicolae_shop_waterfront, uniq_jory
Vaults:4: nicolae_vaults_disjoint_gnomons, vaults_room_pool, v_alt_pattern_1,
          vaults_room_pool, ontoclasm_vaults_loading_screen, vaults_mumra_hex,
          v_misc_9, nicolae_vaults_little_squares_5, hangedman_vaults_slice,
          vaults_mumra_bighexcomb, v_misc_14, vaults_dpeg_cross, v_misc_31,
          v_misc_12, v_misc_8, nicolae_vaults_asterisk,
          nicolae_vaults_little_squares_2, layout_vaults_maze_bifur
Vaults:5: serial_shops, uniq_boris, uniq_xtahua
Depths:1: layout_roguey, minmay_misc_feat_five, serial_shops, shop,
          kennysheep_mini_moat, hell_entry, abyss_entry_flame_altar,
          due_unseen_surprise, serial_bayou_shore_b, minmay_shoptagon,
          uniq_enchantress
Depths:2: grunt_x_marks_the_spot, layout_gridville, serial_glass,
          glass_columns_a, glass_columns_a, glass_columns_b, glass_columns_b,
          hell_entry, rand_demon_pan_entry_9, hangedman_abyss_or_decor_slice,
          abyss_entry
Depths:3: minmay_box_of_curves, layout_cave_shapes, rand_demon_pan_entry_1,
          kennysheep_doodads, grunt_hell_entry_dis_grunt
Depths:4: gold_lair_mu, layout_gridlike, enter_ziggurat_c,
          minmay_room_of_horrors, hell_entry, hangedman_decor_riveting,
          lemuel_flame_loot_1, infiniplex_staircase_zigzag_4
Depths:5: grunt_runaround [grunt_runaround_doors_1, grunt_runaround_doors_2,
          grunt_runaround_doors_3, grunt_runaround_doors_4,
          grunt_runaround_zot], hell_entry, uniq_sojobo
Zot:1:    layout_misc_corridors, gammafunk_ghost_wrathful_warriors
Zot:2:    layout_cathedral_of_symmetry
Zot:3:    layout_basic, hangedman_elemental_grid_stream
Zot:4:    layout_gridlike
Zot:5:    layout_twisted_circle

Skill      XL: |  1  2  3  4  5  6  7  8  9 10 11 12 13 14 15 16 17 18 19 20 21 22 23 24 25 26 |
---------------+-------------------------------------------------------------------------------+-----
Armour         | 2 3 4 5 6 7 8 9 10 11 12 | 12.8
Long Blades    | 2 3 4 6 9 11 12 13 14 15 16 17 | 17.7
Dodging        | 1 2 3 4 5 6 7 8 10 11 12 | 12.5
Invocations    | 3 4 5 7 8 9 10 11 12 13 14 15 16 | 16.7
Fighting       | 4 5 6 7 9 10 11 12 13 14 15 16 17 19 20 21 | 21.6
Throwing       | 1 3 4 6 7 8 9 10 11 12 13 | 13.0
Shields        | 3 6 7 9 10 11 12 13 14 15 | 15.0
Evocations     | 2 3 4 |  4.5
Summonings     | 3 6 7 8 9 10 11 12 13 14 15 | 15.4
Spellcasting   | 3 5 6 7 9 10 12 14 16 17 | 17.2
Ice Magic      | 1 4 5 6 7 |  7.7
Charms         | 3 5 6 7 8 9 |  9.3
Translocations | 1 2 3 4 |  4.0

Action                   |  1- 3 |  4- 6 |  7- 9 | 10-12 | 13-15 | 16-18 | 19-21 | 22-24 | 25-27 || total
-------------------------+-------+-------+-------+-------+-------+-------+-------+-------+-------++-------
Melee: Falchion          |    25 |       |       |       |       |       |       |       |       ||    25
       Dagger            |   185 |   109 |    82 |       |       |       |       |       |       ||   376
       Kick              |    22 |    37 |   100 |   172 |   442 |   615 |   564 |   560 |   416 ||  2928
       Long sword        |       |       |    18 |       |       |       |       |       |       ||    18
       Scimitar          |       |       |    23 |       |       |       |       |       |       ||    23
       Double sword      |       |       |   153 |   495 |  1230 |  1149 |  1004 |   963 |   644 ||  5638
       Flail             |       |       |       |     2 |       |       |       |       |       ||     2
       Rapier            |       |       |       |       |       |   105 |       |       |       ||   105
Throw: Stone             |       |    11 |     8 |       |       |     2 |       |       |       ||    21
       Boomerang         |       |       |       |    26 |    98 |   131 |   355 |   297 |   188 ||  1095
       Javelin           |       |       |       |       |    75 |    57 |    78 |    17 |    19 ||   246
       Dart              |       |       |       |       |       |    39 |    11 |       |       ||    50
       Throwing net      |       |       |       |       |       |     2 |       |       |       ||     2
 Cast: Frozen Ramparts   |       |       |       |       |       |     4 |    15 |    35 |    14 ||    68
       Song of Slaying   |       |       |       |       |       |       |    32 |    35 |    21 ||    88
       Shroud of Golubri |       |       |       |       |       |       |    27 |    36 |    27 ||    90
       Summon Ice Beast  |       |       |       |       |       |       |     5 |     2 |       ||     7
       Summon Demon      |       |       |       |       |       |       |       |     9 |     3 ||    12
       Summon Hydra      |       |       |       |       |       |       |       |     1 |    10 ||    11
       Aura of Abjuratio |       |       |       |       |       |       |       |       |     2 ||     2
Invok: Bend Space        |       |       |     1 |     2 |     5 |     5 |     3 |     1 |     5 ||    22
       Banish            |       |       |       |     4 |       |     2 |       |       |       ||     6
       Corrupt           |       |       |       |     1 |     6 |     4 |     3 |     2 |     3 ||    19
       Depart the Abyss  |       |       |       |       |       |     1 |     1 |       |     1 ||     3
       Enter the Abyss   |       |       |       |       |       |     1 |     1 |       |     1 ||     3
Evoke: Wand              |       |       |       |     8 |     3 |       |     1 |     1 |       ||    13
       Fan of gales      |       |       |       |       |     1 |       |       |       |       ||     1
       Lamp of fire      |       |       |       |       |     1 |       |       |       |       ||     1
  Use: Scroll            |     4 |     1 |    11 |     6 |     9 |    10 |    15 |     9 |     1 ||    66
       Potion            |       |       |       |       |     3 |    14 |    15 |     4 |     7 ||    43
 Stab: Distracted        |       |       |       |       |     3 |       |     2 |     1 |     6 ||    12
       Invisible         |       |       |       |       |       |       |     1 |       |       ||     1
  Eat: Chunk             |     4 |     3 |     9 |    20 |    26 |    17 |    19 |    27 |    11 ||   136
       Ration            |       |     1 |     1 |     3 |     6 |     8 |     5 |     3 |     4 ||    31
Armor: Leather armour    |    22 |       |       |       |       |       |       |       |       ||    22
       Plate armour      |   144 |    74 |   176 |   311 |   119 |       |       |       |       ||   824
       Scale mail        |       |       |       |       |   129 |   231 |   159 |    30 |       ||   549
       Ring mail         |       |       |       |       |       |       |       |   126 |   187 ||   313
Dodge: Dodged            |    54 |    17 |    82 |    80 |   114 |   148 |   165 |   207 |   250 ||  1117
Block: Other             |       |       |       |    91 |       |       |       |       |       ||    91
       Reflection        |       |       |       |     6 |    95 |   223 |   152 |   108 |    11 ||   595
       Kite shield       |       |       |       |   331 |  1707 |  1513 |  1389 |  1310 |  1042 ||  7292
       Rpst.: Falchion   |     1 |       |       |       |       |       |       |       |       ||     1
       Double sword      |       |       |    16 |    15 |    21 |    18 |    23 |    36 |    36 ||   165
       Scimitar          |       |       |     2 |       |       |       |       |       |       ||     2

Table legend:
 A = Non-vault XP
 B = Vault XP
 C = Vault XP percentage of total XP
 D = Non-vault monster count
 E = Vault monster count
 F = Vault count percentage of total count
                 A         B        C        D         E       F
            +---------+---------+-------+---------+---------+-------
      Total |  725465 |  733457 |  50.3 |    1458 |     793 |  35.2
            +---------+---------+-------+---------+---------+-------
        D:1 |      19 |       0 |   0.0 |      14 |       0 |   0.0
        D:2 |      31 |     111 |  78.2 |      23 |      15 |  39.5
        D:3 |     298 |     385 |  56.4 |      21 |      24 |  53.3
        D:4 |     412 |       0 |   0.0 |      23 |       0 |   0.0
        D:5 |     453 |       3 |   0.7 |      22 |       2 |   8.3
        D:6 |    1401 |       0 |   0.0 |      32 |       0 |   0.0
        D:7 |    1724 |     789 |  31.4 |      18 |       2 |  10.0
        D:8 |    1488 |    2063 |  58.1 |      41 |      11 |  21.2
        D:9 |    3184 |    3894 |  55.0 |      31 |       6 |  16.2
       D:10 |    1290 |       0 |   0.0 |      17 |       0 |   0.0
       D:11 |    5986 |   11162 |  65.1 |      37 |      37 |  50.0
       D:12 |    6456 |    5248 |  44.8 |      39 |       3 |   7.1
       D:13 |   13025 |    7991 |  38.0 |      53 |      13 |  19.7
       D:14 |    7272 |    3304 |  31.2 |      22 |       2 |   8.3
       D:15 |    8094 |    8097 |  50.0 |      29 |       9 |  23.7
     Lair:1 |    2570 |    1416 |  35.5 |      16 |       5 |  23.8
     Lair:2 |    2401 |       0 |   0.0 |       6 |       0 |   0.0
     Lair:3 |    5882 |     163 |   2.7 |      24 |       1 |   4.0
     Lair:4 |    5726 |     978 |  14.6 |      25 |       4 |  13.8
     Lair:5 |    5094 |     442 |   8.0 |      21 |       2 |   8.7
     Lair:6 |    5409 |    3486 |  39.2 |      26 |      16 |  38.1
   Shoals:1 |    6618 |    1918 |  22.5 |      13 |       1 |   7.1
   Shoals:2 |    2749 |       0 |   0.0 |       6 |       0 |   0.0
   Shoals:3 |    5766 |    4787 |  45.4 |      17 |       6 |  26.1
   Shoals:4 |    8059 |    2460 |  23.4 |      14 |       4 |  22.2
    Snake:1 |   19796 |       0 |   0.0 |      37 |       0 |   0.0
    Snake:2 |   33519 |    4465 |  11.8 |      57 |       7 |  10.9
    Snake:3 |    9102 |    2410 |  20.9 |      18 |       2 |  10.0
    Snake:4 |   15143 |   48366 |  76.2 |      25 |      61 |  70.9
      Orc:1 |    2621 |    1196 |  31.3 |      34 |      12 |  26.1
      Orc:2 |    2798 |    6380 |  69.5 |      18 |      46 |  71.9
      Elf:1 |   13289 |   11429 |  46.2 |      22 |      12 |  35.3
      Elf:2 |   26891 |    9862 |  26.8 |      45 |      19 |  29.7
      Elf:3 |   20304 |   33444 |  62.2 |      39 |      28 |  41.8
   Vaults:1 |   20022 |   23350 |  53.8 |      41 |      39 |  48.8
   Vaults:2 |   15684 |    2095 |  11.8 |      25 |       5 |  16.7
   Vaults:3 |   43260 |   12493 |  22.4 |      75 |      14 |  15.7
   Vaults:4 |   31697 |   44801 |  58.6 |      48 |      49 |  50.5
   Vaults:5 |   35677 |  127458 |  78.1 |      52 |      77 |  59.7
   Depths:1 |   43274 |   14606 |  25.2 |      53 |      13 |  19.7
   Depths:2 |   28408 |   60517 |  68.1 |      37 |      40 |  51.9
   Depths:3 |   36576 |   32946 |  47.4 |      41 |      17 |  29.3
   Depths:4 |   49900 |   29507 |  37.2 |      56 |      35 |  38.5
   Depths:5 |     847 |  118976 |  99.3 |       4 |      70 |  94.6
      Zot:1 |   41862 |   10530 |  20.1 |      30 |      12 |  28.6
      Zot:2 |   34608 |       0 |   0.0 |      24 |       0 |   0.0
      Zot:3 |   42531 |   14933 |  26.0 |      26 |      10 |  27.8
      Zot:4 |   25766 |       0 |   0.0 |      12 |       0 |   0.0
      Zot:5 |    8105 |   29984 |  78.7 |       6 |       9 |  60.0
    Abyss:1 |    7355 |       0 |   0.0 |      24 |       0 |   0.0
    Abyss:2 |   15023 |       8 |   0.1 |      19 |       1 |   5.0
    Ossuary |       0 |     591 | 100.0 |       0 |      14 | 100.0
     WizLab |       0 |   34413 | 100.0 |       0 |      38 | 100.0
            +---------+---------+-------+---------+---------+-------
